 Dungeon Crawl Stone Soup version 0.22-a0-21-g9421e3f (webtiles) character file.

49 gmonis the Skirmisher (level 3, 0/36 HPs)
             Began as a Troll Fighter on Jan 2, 2018.
             Slain by a hobgoblin (5 damage)
             ... on level 2 of the Dungeon.
             The game lasted 00:10:01 (788 turns).

gmonis the Skirmisher (Troll Fighter)                Turns: 788, Time: 00:10:04

Health: 0/36       AC:  5    Str: 25    XL:     3   Next: 53%
Magic:  2/2        EV:  8    Int:  4    God:
Gold:   66         SH:  9    Dex:  9    Spells: 2/2 levels left

rFire    . . .     SeeInvis .   a - +0 flail
rCold    . . .     Gourm    +   c - +0 shield
rNeg     . . .     Faith    .   b - +0 robe
rPois    .         Spirit   .   (helmet restricted)
rElec    .         Reflect  .   (no cloak)
rCorr    .         Harm     .   (gloves unavailable)
MR       .....                  (boots unavailable)
Stlth    +.........             (no amulet)
HPRegen  0.52/turn              (no ring)
MPRegen  0.08/turn              (no ring)

@: lethally poisoned (0 -> -16)
A: large, unfitting armour, claws 3, fast metabolism 3, gourmand, regeneration
1, shaggy fur 1, tough skin 2
a: no special abilities


You were on level 2 of the Dungeon.
You were not hungry.

You visited 1 branch of the dungeon, and saw 2 of its levels.

You collected 66 gold pieces.

Inventory:

Hand Weapons
 a - a +0 flail (weapon)
Missiles
 h - 46 stones (quivered)
Armour
 b - a +0 robe (worn)
 c - a +0 shield (worn)
 i - a +0 robe
Jewellery
 j - an uncursed ring of fire {unknown}
 o - a +3 ring of evasion {unknown}
Scrolls
 e - a scroll of enchant weapon {unknown}
 g - 2 scrolls of teleportation {unknown}
 m - a scroll of remove curse {unknown}
 n - a scroll of noise {unknown}
Potions
 d - a potion of might
 k - 2 potions of lignification {unknown}
 l - a potion of brilliance {unknown}
 p - a potion of curing {unknown}
Comestibles
 f - 3 rations


   Skills:
 + Level 2.8 Fighting
 + Level 2.3 Maces & Flails
 + Level 2.8 Dodging
 + Level 2.8 Shields


You had 2 spell levels left.
You didn't know any spells.

Dungeon Overview and Level Annotations

Branches:
Dungeon (2/15)

Altars:


Innate Abilities, Weirdness & Mutations

You are too large for most types of armour.
You have claws for hands.
Your metabolism is lightning-fast.
You like to eat raw meat.
Your natural rate of healing is unusually fast.
You are covered in fur. (AC +1)
You have very tough skin. (AC +2)


Message History

The water moccasin is moderately wounded.
You feel sick. You block the water moccasin's attack.
The water moccasin bites you.
You are lethally poisoned!
The water moccasin poisons you!
You closely miss the water moccasin.
The water moccasin is moderately wounded.
* * * LOW HITPOINT WARNING * * *
You feel very sick. The water moccasin barely misses you.
The water moccasin closely misses you.
* * * LOW HITPOINT WARNING * * *
You feel very sick.
You hit the hobgoblin.
The hobgoblin is heavily wounded.
* * * LOW HITPOINT WARNING * * *
You feel very sick. You block the water moccasin's attack.
The hobgoblin hits you but does no damage.
You block the water moccasin's attack. The hobgoblin hits you.
You die...

## ....... ..#...(.
#.#..(.# ###.#....
.....(.# #...(.
##.).# #.##..Sg#
#.#....@## ####
#........## ...#
..........# ##.#
#........## #.#
#.#.....#####...
#.#
#.##............
#.#
##.##....#####..#
#.#
###....#.#.####...#
#.#
#................#


You could see a water moccasin and a hobgoblin.

Vanquished Creatures
  2 adders (D:2)
  An ooze (D:1)
  A dart slug (D:1)
  4 hobgoblins
  A ball python (D:2)
  6 bats
  2 frilled lizards (D:1)
  A goblin (D:1)
  5 kobolds
  9 rats
32 creatures vanquished.

Notes
Turn   | Place    | Note
-------+----------+-------------------------------------------
     0 | D:1      | gmonis the Troll Fighter began the quest for the Orb.
     0 | D:1      | Reached XP level 1. HP: 22/22 MP: 0/0
    66 | D:1      | Reached XP level 2. HP: 22/29 MP: 1/1
   661 | D:2      | Reached XP level 3. HP: 36/36 MP: 2/2
   777 | D:2      | Noticed a water moccasin
   788 | D:2      | Slain by a hobgoblin

Vault maps used:
D:1:      dpeg_arrival_rhombus, minmay_pentomino_x2
D:2:      chequers_ecumenical_altar_simple, uniq_jessica, uniq_sigmund

Skill      XL: |  1 |
---------------+----+-----
Maces & Flails | 2 |  2.3
Fighting       | |  2.8
Dodging        | |  2.8
Shields        | |  2.8

Action                   || total
-------------------------++-------
Melee: Flail             ||   103
Throw: Stone             ||    47
  Eat: Chunk             ||     7
Armor: Robe              ||    49
Dodge: Dodged            ||    31
Block: Shield            ||    56

Table legend:
 A = Spawn XP
 B = Non-spawn XP
 C = Spawn XP percentage of total XP
 D = Spawn monster count
 E = Non-spawn monster count
 F = Spawn count percentage of total count
 G = Total turns spent on level
                    A         B        C        D         E        F      G
               +---------+---------+-------+---------+---------+-------+---------
         Total |       0 |      71 |   0.0 |       0 |      32 |   0.0 |   788
               +---------+---------+-------+---------+---------+-------+---------
           D:1 |       0 |      39 |   0.0 |       0 |      25 |   0.0 |   646
           D:2 |       0 |      32 |   0.0 |       0 |       7 |   0.0 |   142
               +---------+---------+-------+---------+---------+-------+---------
